Map: World of Sleepers LE

Players

Kopankiewicz (Blysk)

  • Race: Protoss Protoss
  • League: Bronze
  • Spawn Location: 1:00

Acampado (EnDerr) - Winner!

  • Race: Zerg Zerg
  • Spawn Location: 7:00

Event: SEA Games 2019

VOD

https://www.twitch.tv/videos/519454718?t=01h09m16s

Description

Time

  • Played on: Dec. 9, 2019, 9:14 p.m.
  • Length: 7:10

All games in this series

Show
View Real Time Build Order
Export as new Build Order

Kopankiewicz Protoss 

Build Orders: 1 Gate Expand 

Get SALT Encoding   

  12  0:00  Probe  
  13  0:12  Probe  
  14  0:21  Pylon  
  14  0:24  Probe  
  15  0:39  Probe (Chrono Boost)  
  15  0:41  Gateway  
  16  0:43  Assimilator  
  16  0:48  Probe (Chrono Boost)  
  17  0:53  Probe  
  18  1:05  Probe  
  19  1:17  Probe  
  20  1:24  Nexus  
  20  1:33  Cybernetics Core  
  20  1:36  Probe  
  21  1:45  Pylon  
  21  1:49  Assimilator  
  21  1:56  Zealot (Chrono Boost)  
  23  2:03  Probe  
  24  2:15  Adept (Chrono Boost)  
  24  2:16  Probe  
  24  2:19  Robotics Facility  
  24  2:21  Warp Gate  
  27  2:28  Probe  
  28  2:36  Probe  
  29  2:37  Adept (Chrono Boost)  
  29  2:42  Probe  
  32  2:48  Probe  
  33  2:54  Probe, Gateway  
  34  3:01  Probe  
  34  3:04  Sentry  
  37  3:07  Probe  
  38  3:15  Immortal (Chrono Boost)  
  41  3:32  Gateway  
  41  3:33  Gateway  
  40  3:38  Gateway  
  40  3:42  Pylon  
  40  3:48  Warp Prism (Chrono Boost)  
  40  3:55  Pylon  
  42  4:00  Pylon  
  42  4:09  Sentry  
  44  4:10  Sentry  
  44  4:12  Probe x2  
  48  4:24  Probe x2  
  50  4:35  Zealot x5  
  60  4:39  Pylon  
  60  4:55  Zealot x4  
  60  4:59  Immortal (Chrono Boost)  
  62  5:04  Probe  
  62  5:05  Probe  
  68  5:16  Twilight Council, Probe  
  68  5:17  Probe  
  70  5:28  Probe  
  65  5:29  Immortal (Chrono Boost)  
  65  5:32  Probe  
  65  5:34  Assimilator  
  70  5:36  Assimilator  
  70  5:40  Probe  
  71  5:44  Probe  
  71  5:47  Pylon  
  72  5:52  Probe  
  72  5:56  Cybernetics Core  
  72  5:57  Probe  
  74  6:04  Probe  
  74  6:07  Forge  
  74  6:09  Probe  
  74  6:10  Gateway  
  76  6:12  Zealot x2  
  76  6:16  Probe  
  81  6:25  Zealot x3  
  77  6:33  Zealot  
  71  6:45  Zealot x2  
  71  6:46  Zealot  
  34  7:02  Zealot  
Show
View Real Time Build Order
Export as new Build Order

Acampado Zerg - Winner!

Build Orders: Pool First 

Get SALT Encoding   

  12  0:00  Drone  
  13  0:12  Overlord  
  13  0:17  Drone  
  14  0:31  Drone x2  
  16  0:41  Spawning Pool  
  15  0:44  Drone  
  15  0:48  Drone  
  17  0:57  Extractor  
  17  1:02  Drone  
  17  1:16  Hatchery  
  17  1:18  Drone  
  17  1:20  Drone  
  18  1:29  Zergling x2  
  19  1:36  Queen  
  21  1:42  Overlord  
  21  1:53  Drone  
  22  2:01  Metabolic Boost  
  22  2:15  Hatchery  
  22  2:16  Drone  
  22  2:22  Drone  
  23  2:34  Drone x3  
  26  2:45  Queen  
  26  2:47  Zergling x2  
  26  2:48  Zergling x4  
  31  2:54  Overlord  
  31  2:56  Drone  
  32  3:02  Queen  
  34  3:08  Drone  
  34  3:09  Drone  
  36  3:19  Drone  
  38  3:20  Drone x3  
  40  3:28  Drone  
  40  3:31  Drone x2  
  40  3:32  Drone x2  
  45  3:41  Roach Warren  
  44  3:42  Overlord  
  44  3:46  Extractor  
  42  3:55  Drone x5  
  46  4:00  Overlord x2  
  46  4:02  Overlord  
  46  4:21  Roach x8  
  62  4:29  Zergling x10  
  67  4:37  Roach x3  
  73  4:44  Ravager, Overlord  
  74  4:46  Zergling x4  
  74  4:50  Zergling x2  
  74  4:53  Zergling x2  
  74  4:56  Zergling x2  
  74  4:57  Zergling x2  
  74  4:58  Zergling x4  
  72  5:00  Zergling x2  
  72  5:01  Zergling x4  
  72  5:02  Zergling x4  
  76  5:13  Ravager x2  
  78  5:14  Zergling x6  
  80  5:23  Queen  
  80  5:26  Overlord  
  80  5:27  Zergling x4  
  83  5:32  Ravager  
  84  5:36  Zergling x4  
  84  5:37  Zergling x6  
  84  5:40  Ravager  
  90  5:43  Overlord  
  90  5:47  Zergling x2  
  90  5:49  Zergling x4  
  94  5:50  Zergling x4  
  94  5:53  Zergling x2  
  96  6:00  Zergling x6  
  96  6:01  Zergling x2  
  96  6:04  Overlord x2  
  97  6:09  Zergling x2  
  97  6:10  Zergling x2  
  99  6:13  Zergling x2  
  99  6:16  Zergling x4  
  99  6:17  Zergling x2  
  99  6:18  Zergling x2  
  104  6:19  Spore Crawler  
  104  6:20  Zergling x4  
  104  6:21  Zergling x2  
  104  6:25  Zergling x2  
  102  6:28  Zergling x2  
  102  6:29  Zergling x2  
  98  6:39  Zergling x8  
  94  6:40  Zergling x4  
  85  6:47  Zergling x8  
Tags
 
Add a new tag
Caveats
  • Supply blocks, unpowered buildings, or Contaminate may cause inaccurate times.
  • Supply counts are checked every 10 seconds.